 Dungeon Crawl Stone Soup version 0.22.0-6-g71bd7aa6b3 (webtiles) character file.

113 Flugkiller the Insei (level 4, -3/28 HPs)
             Began as an Octopode Transmuter on Aug 16, 2018.
             Was an Initiate of Sif Muna.
             Slain by a gnoll
             ... wielding a +0 halberd
              (14 damage)
             ... on level 4 of the Dungeon.
             The game lasted 00:04:05 (3528 turns).

Flugkiller the Insei (Octopode Transmuter)          Turns: 3528, Time: 00:04:05

Health: -3/28      AC:  1    Str:  9    XL:     4   Next: 96%
Magic:  7/7        EV: 13    Int: 15    God:    Sif Muna [......]
Gold:   148        SH:  0    Dex: 13    Spells: 1/7 levels left

rFire    . . .     SeeInvis .     - Unarmed
rCold    . . .     Gourm    .   (no shield)
rNeg     . . .     Faith    .   (helmet restricted)
rPois    .         Spirit   .   (no amulet)
rElec    .         Reflect  .   (no ring)
rCorr    .         Harm     .   (no ring)
MR       .....                  (no ring)
Stlth    ++........             (no ring)
HPRegen  0.09/turn              (no ring)
MPRegen  0.10/turn              (no ring)
                                (no ring)
                                (no ring)

@: no status effects
A: almost no armour, stealthy swim, amphibious, 8 rings, constrict 8, camouflage
1, gelatinous body 1
a: Renounce Religion


You were on level 4 of the Dungeon.
You worshipped Sif Muna.
Sif Muna was noncommittal.
You were hungry.

You visited 1 branch of the dungeon, and saw 4 of its levels.

You collected 148 gold pieces.

Inventory:

Missiles
 a - 61 arrows
Jewellery
 d - an uncursed ring of fire {unknown}
 o - an uncursed ring of protection from magic {unknown}
Scrolls
 g - a scroll of fog {unknown}
 h - 4 scrolls of identify {unknown}
 i - a scroll of magic mapping {unknown}
 j - 2 scrolls of teleportation {unknown}
 k - a scroll of immolation {unknown}
 l - a scroll of fear {unknown}
 n - a scroll of amnesia {unknown}
Potions
 b - 2 potions of degeneration {unknown}
 e - a potion of cancellation {unknown}
 f - 2 potions of curing {unknown}
 m - a potion of agility {unknown}
Comestibles
 c - 10 rations
 p - a chunk of flesh


   Skills:
 - Level 1.0 Fighting
 + Level 2.3 Dodging
 - Level 5.0 Unarmed Combat
 + Level 2.2 Spellcasting
 + Level 2.2 Transmutations


You had one spell level left.
You knew the following spells:

 Your Spells              Type           Power        Failure   Level  Hunger
a - Beastly Appendage     Tmut           #.....       9%          1    #......
b - Sticks to Snakes      Tmut           #.......     13%         2    ###....
c - Spider Form           Tmut/Pois      #.........   38%         3    ###....

Your spell library contained the following spells:

 Spells                   Type           Power        Failure   Level  Hunger
 Blade Hands              Tmut           #.........   94%         5    ######.
 Ice Form                 Ice/Tmut       #.......     80%         4    #####..


Dungeon Overview and Level Annotations

Branches:
Dungeon (4/15)
 Temple: D:4-7

Altars:
Sif Muna

Shops:
D:4 (

Annotations:
D:2 Robin
D:3 2 runed doors, tidbits's ghost, weakling FeNe


Innate Abilities, Weirdness & Mutations

You cannot wear most types of armour.
You are very stealthy in the water. (Stealth+)
You are amphibious.
You can wear up to eight rings at the same time.
You can use your tentacles to constrict eight enemies at once.
Your skin changes colour to match your surroundings (Stealth+).
Your rubbery body absorbs attacks. (AC +1, EV +1)


Message History

The gnoll shouts! x2
An orc comes into view.
A gnoll comes into view. It is wielding a whip.
The gnoll shouts!
The orc shouts!
Found a pair of boots.
The gnoll shouts!
You closely miss the gnoll. You grab the gnoll.
You constrict the gnoll, but do no damage.
The gnoll hits you with a flail!
You tentacle-slap the gnoll.
The gnoll is lightly wounded.
You constrict the gnoll. The gnoll completely misses you.
You tentacle-slap the gnoll. You squeeze the gnoll.
The gnoll is severely wounded.
You constrict the gnoll. The gnoll hits you with a flail!
You release your grip on the gnoll.
The gnoll hits you from afar with a halberd!
Ouch! That really hurt!
You die...

##.##..........
##...#......#
#......###### #
##.....g..#### .#
##...###......##..#
##..g..##...........
##...gg..#...g.......
#........#...og......
#....@...#.....<.....
#....<...#...........
#........#...........
#........#...........
#........##.........[
#........##.......###
#........##......##
#.#......# ###.....##


You could see 3 gnolls.

Vanquished Creatures
  5 adders
  An ooze (D:1)
  A dart slug (D:1)
  An orc (D:3)
  3 giant cockroaches
  7 hobgoblins
  9 jackals
  7 bats
  5 frilled lizards
  10 goblins
  A jackal skeleton (D:2)
  5 kobolds
  5 rats
60 creatures vanquished.

Vanquished Creatures (others)
  A goblin (D:4)
1 creature vanquished.

Grand Total: 61 creatures vanquished

Notes
Turn   | Place    | Note
-------+----------+-------------------------------------------
     0 | D:1      | Flugkiller the Octopode Transmuter began the quest for the Orb.
     0 | D:1      | Reached XP level 1. HP: 13/13 MP: 3/3
    94 | D:1      | You fall through a shaft!
   403 | D:1      | Reached XP level 2. HP: 18/18 MP: 5/5
   928 | D:1      | Reached skill level 4 in Unarmed Combat
   941 | D:1      | Reached XP level 3. HP: 19/23 MP: 6/6
  1742 | D:2      | Noticed Robin
  1902 | D:2      | Reached XP level 4. HP: 20/28 MP: 7/7
  2143 | D:2      | Found a deep blue altar of Sif Muna.
  2268 | D:2      | Became a worshipper of Sif Muna the Loreminder
  2467 | D:3      | Reached skill level 5 in Unarmed Combat
  2580 | D:3      | Learned a level 2 spell: Sticks to Snakes
  2584 | D:3      | Learned a level 3 spell: Spider Form
  2651 | D:3      | Found a runed door.
  2652 | D:3      | Noticed tidbits's ghost (weakling FeNe)
  2668 | D:3      | Found a runed door.
  3494 | D:4      | Found Siocs's Antique Weapon Boutique.
  3528 | D:4      | Slain by a gnoll

Skill      XL: |  1  2  3  4 |
---------------+-------------+-----
Unarmed Combat | 4 5 |  5.0
Fighting       | |  1.0
Dodging        | |  2.3
Spellcasting   | |  2.2
Transmutations | |  2.2

Action                   |  1- 3 |  4- 6 || total
-------------------------+-------+-------++-------
Melee: Unarmed           |    94 |    44 ||   138
       Constrict         |    25 |    13 ||    38
       Tentacles         |    17 |    10 ||    27
       Punch             |     4 |     1 ||     5
 Cast: Spider Form       |       |     1 ||     1
 Stab: Sleeping          |     5 |     1 ||     6
  Eat: Chunk             |     3 |     5 ||     8
Armor: Skin              |    13 |     2 ||    15
Dodge: Dodged            |    66 |    24 ||    90
